 Dungeon Crawl Stone Soup version 0.30-a0-799-g109b55a442 (webtiles) character file.

Game seed: 6627938809304409189

711 Pimp the Chopper (level 7, -2/91 HPs)
             Began as a White Draconian Berserker on Feb 21, 2023.
             Was a Priest of Trog.
             Splashed by a jelly's acid (4 damage)
             ... on level 5 of the Dungeon.
             The game lasted 00:08:54 (3986 turns).

Pimp the Chopper (White Draconian Berserker)        Turns: 3986, Time: 00:08:54

Health: -2/91      AC: -3    Str: 24    XL:     7   Next: 40%
Magic:  16/16      EV: 13    Int:  7    God:    Trog [***...]
Gold:   267        SH:  0    Dex: 11    Spells: 6/6 levels left

rFire   + . .      SeeInvis .    a - +0 hand axe (freeze)
rCold   + + .      Faith    .    (no shield)
rNeg    . . .      Spirit   .    (body armour unavailable)
rPois   +          Reflect  .    (helmet restricted)
rElec   +          Harm     .    (no cloak)
rCorr   .          Rampage  .    p - +0 pair of gloves
Will    .....                    m - +1 pair of boots Stlth
                                 (no amulet)
HPRegen 0.35/turn                n - ring of Autumn {rPois rC+ MP+9 Str+3 Slay+2}
MPRegen 0.15/turn                b - ring "Hufuleb" {+Blink rElec rF+}

@: berserking, corroded, very quick
A: breathe frost, AC +6, unfitting armour, cold resistance 1, cold-blooded
a: Breathe Frost, Renounce Religion, Evoke Blink, Berserk, Trog's Hand


You were on level 5 of the Dungeon.
You worshipped Trog.
Trog was most pleased with you.
You visited 1 branch of the dungeon, and saw 5 of its levels.

You collected 267 gold pieces.

Inventory:

Hand Weapons
 a - a +0 hand axe of freezing (weapon)
 t - the +3 dagger of Chaos {heavy, rElec}
   (You found it on level 3 of the Dungeon)

   rElec:     It insulates you from electricity.
Missiles
 k - 6 boomerangs (quivered)
 y - a throwing net
Armour
 m - a +1 pair of boots (worn)
 p - a +0 pair of gloves (worn)
Jewellery
 b - the ring "Hufuleb" (right hand) {+Blink rElec rF+}
   (You acquired it on level 2 of the Dungeon)

   [ring of protection from fire]

   rF:        It protects you from fire.
   rElec:     It insulates you from electricity.
   +Blink:    It lets you blink.
 c - a ring of ice
 n - the ring of Autumn (left hand) {rPois rC+ MP+9 Str+3 Slay+2}
   (You acquired it on level 3 of the Dungeon)

   [ring of magical power]

   Str:       It affects your strength (+3).
   Slay:      It affects your accuracy & damage with ranged weapons and melee
   (+2).
   rC:        It protects you from cold.
   rPois:     It protects you from poison.
   MP:        It affects your magic capacity (+9).
Wands
 x - a wand of quicksilver (9)
Scrolls
 d - 2 scrolls of noise
 g - 4 scrolls of magic mapping
 i - a scroll of torment
 j - 6 scrolls of teleportation
 q - a scroll of identify
 r - a scroll of poison
 u - a scroll of fog {unknown}
 w - a scroll of enchant weapon {unknown}
Potions
 e - a potion of might {unknown}
 f - 6 potions of curing
 h - 3 potions of heal wounds {unknown}
 l - a potion of brilliance {unknown}
 o - a potion of mutation {unknown}
 s - a potion of invisibility {unknown}
 v - a potion of lignification {unknown}


   Skills:
 + Level 5.5 Fighting
 * Level 6.4 Axes
 + Level 4.6 Dodging


You had 6 spell levels left.
You didn't know any spells.
Your spell library was empty.

Dungeon Overview and Level Annotations

Branches:
Dungeon (5/15)
 Temple: D:4-7

Altars:
Ashenzari
Makhleb
Wu Jian
Yredelemnul
Zin

Annotations:
D:5 Grinder


Innate Abilities, Weirdness & Mutations

You can breathe waves of freezing cold which knock back foes.
Your icy white scales are hard. (AC +6)
You cannot fit into any form of body armour.
Your flesh is cold resistant. (rC+)
You are cold-blooded and may be slowed by cold attacks.


Message History

A jelly comes into view.
Grinder comes into view.
Grinder shouts!
The jelly quivers.
The jelly hits you but does no damage.
You slash Grinder!
Grinder is lightly wounded.
You hit the jelly. You freeze the jelly. The acid corrodes you!
Your hands burn!
You hit Grinder.
Grinder is moderately wounded.
You hit the jelly. You freeze the jelly. The acid corrodes you!
Your hands burn!
The jelly barely misses you. Grinder closely misses you.
You barely miss Grinder.
You tail-slap Grinder, but do no damage.
Grinder is moderately wounded.
You hit the jelly but do no damage.
Your hands burn!
Grinder hits you!
You writhe in agony.
The jelly closely misses you.
You hit Grinder but do no damage.
Grinder is lightly wounded.
You hit the jelly but do no damage.
Your hands burn!
Grinder gestures at you.
You struggle to resist.
The jelly hits you.
You are splashed with acid!
You hit Grinder but do no damage.
Grinder is lightly wounded.
You hit the jelly but do no damage.
Your hands burn!
The jelly hits you.
* * * LOW HITPOINT WARNING * * *
The acid corrodes you!
You are splashed with acid!
* * * LOW HITPOINT WARNING * * *
Grinder hits you.
* * * LOW HITPOINT WARNING * * *
You writhe in agony.
* * * LOW HITPOINT WARNING * * *
A red film seems to cover your vision as you go berserk!
You feel yourself moving faster!
You feel mighty! Grinder barely misses you. The jelly barely misses you.
You hit Grinder but do no damage.
Grinder is lightly wounded.
You slash the jelly! You freeze the jelly.
Your hands burn!
You die...

###. #### #### #... ##..##...#
# ####..##..#.#...#.#
##......#.>..#.....##
#..........<........#
....#........J5.....#
....#........@.......
..............$.#..........###
.........#.#..#.............#.
.........###..##............#.
........## ##.................
.........## #...##............
..##......###...##............
#.......##.....#... #.......
............#...##.. #.......


You could see Grinder and a jelly.

Vanquished Creatures
  An ogre (D:5)
  A phantom (D:5)
  2 scorpions (D:5)
  2 hounds (D:5)
  A jelly (D:5)
  A gnoll bouda (D:5)
  2 iguanas
  Ijyb (D:5)
  Robin (D:5)
  8 gnolls
  5 adders
  A worm (D:5)
  3 dart slugs
  3 orcs (D:3)
  14 ball pythons
  5 bats
  4 endoplasms
  4 giant cockroaches
  10 goblins
  6 hobgoblins
  8 kobolds
  4 quokkas
  22 rats
109 creatures vanquished.

Notes
Turn   | Place    | Note
-------+----------+-------------------------------------------
     0 | D:1      | Pimp the Draconian Berserker began the quest for the Orb.
     0 | D:1      | Reached XP level 1. HP: 19/19 MP: 1/1
   190 | D:1      | Found a faded altar of an unknown god.
   191 | D:1      | Found an ornate altar of the Wu Jian Council.
   297 | D:1      | Reached XP level 2. HP: 26/26 MP: 2/2
   855 | D:2      | Reached ** piety under Trog
   863 | D:2      | Reached XP level 3. HP: 33/33 MP: 3/3
  1406 | D:2      | Identified a scroll of acquirement
  1406 | D:2      | Acquired the ring "Hufuleb" {+Blink rElec rF+}
  1411 | D:3      | Found a basalt altar of Yredelemnul.
  1440 | D:3      | Reached skill level 4 in Axes
  1440 | D:3      | Reached XP level 4. HP: 10/40 MP: 4/4
  1939 | D:3      | Found a broken altar of Ashenzari.
  1994 | D:3      | Identified the +3 dagger of Chaos {heavy, rElec}
  2363 | D:3      | Acquired the ring of Autumn {rPois rC+ MP+9 Str+3 Slay+2}
  2625 | D:4      | Reached XP level 5. HP: 32/47 MP: 5/5
  2766 | D:4      | Reached *** piety under Trog
  3444 | D:5      | Entered Level 5 of the Dungeon
  3447 | D:5      | Noticed a phantom
  3456 | D:5      | Killed a phantom
  3457 | D:5      | Reached skill level 5 in Axes
  3457 | D:5      | Reached XP level 6. HP: 50/53 MP: 6/6
  3497 | D:5      | Found a burning altar of Makhleb.
  3504 | D:5      | Found a glowing silver altar of Zin.
  3504 | D:5      | Noticed an angel
  3504 | D:5      | Noticed an Executioner
  3589 | D:5      | Reached skill level 5 in Fighting
  3621 | D:5      | Noticed Ijyb
  3623 | D:5      | Noticed Robin
  3630 | D:5      | Killed Robin
  3630 | D:5      | Killed Ijyb
  3634 | D:5      | Reached skill level 6 in Axes
  3634 | D:5      | Your scales start taking on an icy white colour.
  3634 | D:5      | Reached XP level 7. HP: 37/61 MP: 7/7
  3634 | D:5      | Gained mutation: Your flesh is cold resistant. (rC+) [White
                  | Draconian growth]
  3976 | D:5      | Noticed Grinder
  3984 | D:5      | HP: 1/61 [Grinder (6)]
  3986 | D:5      | Splashed by a jelly's acid

Illustrated notes

Levels and vault maps discovered:
D:1:      erik_arrival_triangle_medium, layout_basic,
          hellmonk_ecumenical_altar_run_dry, minmay_hexomino_r4
D:2:      layout_loops_ring, reono_crystal_passage, minmay_rat_hole
D:3:      layout_loops_ring, mainiacjoe_overflow_cross_hatched,
          ashenzari_conservatory_becter, eino_tiny_chamber
D:4:      layout_loops_ring, serial_co_window_serial,
          co_window_of_opportunity_a, co_window_paths_b,
          co_window_of_opportunity_a, co_window_paths_a, co_window_corner_a,
          co_window_broadway_a, co_window_corner_b, co_window_unsneaky_path_b,
          co_window_paths_c, co_window_corner_b, glass_columns_a,
          glass_columns_b, glass_columns_b, glass_columns_a, glass_columns_b,
          dk_noncrumbling_4, nicolae_figureground_pulse
D:5:      layout_cave_pools, grunt_temple_overflow_order_and_chaos_2,
          grunt_ministairs_7, nicolae_goblin_pals, uniq_grinder

Skill      XL: |  1  2  3  4  5  6 |
---------------+-------------------+-----
Dodging        | 3 4 |  4.6
Fighting       | 4 5 |  5.5
Axes           | 4 5 6 |  6.4

Action                     |  1- 3 |  4- 6 |  7- 9 || total
---------------------------+-------+-------+-------++-------
  Melee: Hand axe          |   114 |   122 |    37 ||   273
         Tailslap          |    10 |    15 |     8 ||    33
         Punch             |       |     1 |       ||     1
 Invoke: Berserk           |       |       |     2 ||     2
    Use: Scroll            |     9 |     7 |       ||    16
   Stab: Sleeping          |       |     1 |       ||     1
 Armour: Skin              |    41 |    43 |    13 ||    97
  Dodge: Dodged            |    75 |    85 |    32 ||   192

Table legend: (Time is in decaauts)
 A = Elapsed time spent in this place.
 B = Non-inter-level travel time spent in this place.
 C = Inter-level travel time spent in this place.
 D = Time resting spent in this place.
 E = Time spent auto-exploring this place.
 F = Levels seen in this place.
 G = Mean time per level.
                   A        B        C        D        E       F      G
               +--------+--------+--------+--------+--------+-----+--------+
         Total |   4020 |   3867 |    153 |    550 |   2483 |   5 |  804.0 |
       Dungeon |   4020 |   3867 |    153 |    550 |   2483 |   5 |  804.0 |
               +--------+--------+--------+--------+--------+-----+--------+

Top non-repeatable levels by time:
     D:3: 1076 daAuts
     D:4: 964 daAuts
     D:1: 732 daAuts
     D:2: 694 daAuts
     D:5: 552 daAuts
